 Dungeon Crawl Stone Soup version 0.28.0-47-ge53b351184 (webtiles) character file.

Game seed: 12554316952181356932

4713 croobank the Covert (level 10, -5/82 HPs)
             Began as a Gnoll Delver on Apr 29, 2022.
             Was an Initiate of Gozag.
             Slain by a skeletal warrior
             ... wielding a +0 hand axe
             ... led by a skeletal warrior
              (20 damage)
             ... on level 8 of the Dungeon.
             The game lasted 00:40:04 (7174 turns).

croobank the Covert (Gnoll Delver)                  Turns: 7174, Time: 00:40:04

Health: -5/82      AC: 16    Str: 19    XL:     10   Next: 45%
Magic:  17/17      EV:  9    Int: 13    God:    Gozag
Gold:   530        SH:  0    Dex: 19    Spells: 12/19 levels left

rFire   . . .      SeeInvis .   v - +5 trident "Oshietealy" {vorpal, rElec rC+ Str+8 Dex+4}
rCold   + . .      Faith    .   (no shield)
rNeg    + . .      Spirit   .   w - +0 plate armour
rPois   .          Reflect  .   u - +0 helmet
rElec   +          Harm     .   S - +2 cloak
rCorr   .          Rampage  .   (no gloves)
Will    +....                   (no boots)
Stlth   +.........              p - amulet of regeneration
HPRegen 1.03/turn               F - ring of willpower
MPRegen 0.15/turn               G - ring of positive energy

@: no status effects
A: fangs 1, strong nose, distributed training
a: Renounce Religion, Potion Petition, Call Merchant, Bribe Branch


You were on level 8 of the Dungeon.
You worshipped Gozag.
Gozag was pleased with you.
You visited 2 branches of the dungeon, and saw 9 of its levels.

You collected 902 gold pieces.
You spent 259 gold pieces at shops.
You paid 113 gold pieces to Gozag.

Inventory:

Hand Weapons
 a - the +5 hand axe "Jacegej" {vorpal, rC+ Dex+3}
   (You found it on level 2 of the Dungeon)

   It inflicts extra damage upon your enemies.
   Dex:       It affects your dexterity (+3).
   rC:        It protects you from cold.
 b - a +0 hunting sling
 v - the +5 trident "Oshietealy" (weapon) {vorpal, rElec rC+ Str+8 Dex+4}
   (You found it on level 5 of the Dungeon)

   It inflicts extra damage upon your enemies.
   Str:       It affects your strength (+8).
   Dex:       It affects your dexterity (+4).
   rC:        It protects you from cold.
   rElec:     It insulates you from electricity.
 y - a +3 dagger of venom
 C - a +1 vorpal great sword
 E - the +2 hand axe "Enyha" {drain, rC+ Dex+4}
   (You found it on level 8 of the Dungeon)

   A truly terrible weapon, it drains the life of any living foe it strikes.
   Dex:       It affects your dexterity (+4).
   rC:        It protects you from cold.
 H - a +3 dagger of holy wrath
 J - a +3 flail of freezing
 P - a +0 shortbow
Missiles
 d - 8 poisoned darts (quivered)
 k - 187 arrows
 l - 55 bolts
 n - 92 sling bullets
 s - 288 stones
 Q - 2 javelins
Armour
 h - a +0 ring mail
 j - a +0 scale mail
 u - a +0 helmet (worn)
 w - a +0 plate armour (worn)
 L - a +2 leather armour of fire resistance
 O - the +8 chain mail of the Ecumenical Temple {Drain rF- Dex+10 Stlth+}
   (You found it on level 7 of the Dungeon)

   Dex:       It affects your dexterity (+10).
   rF:        It makes you vulnerable to fire.
   Drain:     It drains your maximum health when unequipped.
   Stlth:     It makes you more stealthy.
 S - a +2 cloak (worn)
Jewellery
 p - an amulet of regeneration (around neck)
 F - a ring of willpower (left hand)
 G - a ring of positive energy (right hand)
 R - an amulet of guardian spirit
Wands
 g - a wand of digging (3)
 m - a wand of flame (19)
 M - a wand of paralysis (12)
Scrolls
 c - 2 scrolls of fog
 e - a scroll of fear
 i - 2 scrolls of teleportation
 K - 2 scrolls of torment
 T - 2 scrolls of magic mapping
Potions
 o - 2 potions of resistance
 q - 2 potions of attraction
 r - 4 potions of brilliance
 x - 4 potions of curing {unknown}
 z - 2 potions of invisibility {unknown}
 A - 3 potions of flight {unknown}
 B - 4 potions of lignification {unknown}
 I - a potion of ambrosia {unknown}
 N - 2 potions of cancellation {unknown}


   Skills:
 + Level 8.5 Fighting
 + Level 5.3 Short Blades
 + Level 5.3 Long Blades
 + Level 7.1 Axes
 + Level 5.3 Maces & Flails
 + Level 5.3 Polearms
 + Level 5.3 Staves
 + Level 5.3 Slings
 + Level 5.3 Bows
 + Level 5.3 Crossbows
 + Level 5.3 Throwing
 + Level 5.3 Armour
 + Level 7.1 Dodging
 + Level 10.9 Stealth
 + Level 5.3 Shields
 + Level 5.3 Unarmed Combat
 + Level 5.3 Spellcasting
 + Level 4.3 Conjurations
 + Level 4.3 Hexes
 + Level 4.3 Summonings
 + Level 4.3 Necromancy
 + Level 4.3 Translocations
 + Level 4.3 Transmutations
 + Level 4.3 Fire Magic
 + Level 4.3 Ice Magic
 + Level 4.3 Air Magic
 + Level 4.3 Earth Magic
 + Level 4.3 Poison Magic
 + Level 5.8 Invocations
 + Level 5.3 Evocations


You had 12 spell levels left.
You knew the following spells:

 Your Spells              Type           Power      Damage    Failure   Level
a - Poisonous Vapours     Pois/Air       28%        N/A       78%         2
b - Corpse Rot            Necr/Air       28%        N/A       78%         2
c - Tukima's Dance        Hex            14%        N/A       95%         3

Your spell library contained the following spells:

 Spells                   Type           Power      Damage    Failure   Level
 Sting                    Tmut/Pois      56%        1d5       65%         1
 Anguish                  Hex/Necr       7%         N/A       100%        4
 Cause Fear               Hex            7%         N/A       100%        4
 Olgreb's Toxic Radiance  Pois           14%        N/A       100%        4
 Passage of Golubria      Tloc           14%        N/A       100%        4
 Yara's Violent Unravell  Hex/Tmut       7%         3d5       100%        5
 Dragon Form              Tmut           7%         N/A       100%        7
 Enfeeble                 Hex            7%         N/A       100%        7
 Dragon's Call            Summ           7%         N/A       100%        9


Dungeon Overview and Level Annotations

Branches:
Dungeon (8/15)             Temple (1/1) D:6
   Lair: D:8-11

Altars:
Ashenzari
Cheibriados
Dithmenos
Fedhas
Gozag
Hepliaklqana
Makhleb
Okawaru
Qazlal
Ru
Uskayaw
Vehumet
Wu Jian
Xom
Zin
The Shining One

Shops:
D:4 *   D:7 *

Annotations:
D:8 1 transporter, 1 runed translucent door, klau3's ghost, novice MiBe


Innate Abilities, Weirdness & Mutations

You have very sharp teeth.
Your uncanny sense of smell can sniff out nearby items.
Your experience applies equally to all skills.


Message History

The skeletal warrior hits you with a +0 hand axe!!
You hit the skeletal warrior.
The skeletal warrior is moderately damaged.
The skeletal warrior hits you but does no damage.
You hit the skeletal warrior but do no damage.
The skeletal warrior is moderately damaged.
The skeletal warrior hits you with a +0 hand axe!
You puncture the skeletal warrior!
You bite the skeletal warrior, but do no damage.
The skeletal warrior is heavily damaged.
The skeletal warrior hits you with a +0 hand axe!
You barely miss the skeletal warrior. You punch the skeletal warrior.
The skeletal warrior is severely damaged.
The skeletal warrior hits you but does no damage.
You hit the skeletal warrior. You bite the skeletal warrior.
The skeletal warrior is severely damaged.
The skeletal warrior hits you with a +0 hand axe!
You puncture the skeletal warrior!
The skeletal warrior is almost destroyed.
The skeletal warrior hits you with a +0 hand axe.
You closely miss the skeletal warrior.
You bite the skeletal warrior, but do no damage.
The skeletal warrior is almost destroyed.
The skeletal warrior hits you with a +0 hand axe!
You are too injured to fight recklessly!
You are too injured to fight recklessly!
You are too injured to fight recklessly!
You hit the skeletal warrior. You bite the skeletal warrior.
The skeletal warrior is almost destroyed.
The skeletal warrior hits you with a +0 hand axe!
* * * LOW HITPOINT WARNING * * *
You hit the skeletal warrior but do no damage.
The skeletal warrior is almost destroyed.
The skeletal warrior hits you with a +0 hand axe.
* * * LOW HITPOINT WARNING * * *
You completely miss the skeletal warrior.
The skeletal warrior is almost destroyed.
The skeletal warrior hits you with a +0 hand axe!!
You die...
Your body crumbles into a pile of gold.

..#... ..........#..'.....#
..........#..#.....# ..
.##..##..###'####### ..#
#+##..##..###.####..# ..#.
....................#
.8#........................#
z##....>...................#
##.........................#
...... .........@..........#
....###+###..###z###.####..#
..........#..##).###.### ..#
..........+..#.......... .#
..........#..#..<.......
#.........#..#..........
#.........#'###..###.### #####
#######.......#..########.....#
#.......#.....z.z.'..#


You could see a skeletal warrior.

Vanquished Creatures
  A skeletal warrior (D:7)
  A cyclops (D:8)
  Joseph (D:7)
  Grinder (D:6)
  A hornet (D:7)
  Sigmund (D:2)
  A wyvern (D:8)
  2 steam dragons
  Menkaure (D:6)
  An acid dragon (D:8)
  A water moccasin (D:3)
  Pargi (D:4)
  2 sky beasts
  Duvessa (D:6)
  A hornet zombie (D:7)
  An ice beast (D:5)
  3 ogres
  A centaur (D:5)
  2 bullfrogs
  A kobold brigand (D:6)
  3 scorpions (D:5)
  A water moccasin skeleton (D:5)
  Dowan (D:6)
  8 wights
  A centaur zombie (D:8)
  2 hounds
  2 orc priests
  2 centaur skeletons
  2 jellies
  Jessica (D:2)
  A gnoll shaman (D:8)
  2 iguanas
  2 orc wizards
  3 gnolls (D:8)
  7 adders
  A shadow imp (D:7)
  2 ufetubi
  An adder skeleton (D:4)
  The ghost of cbfl8 the Sneak, a weakling MiDe (D:6)
  A dart slug (D:3)
  9 orcs
  2 ball pythons
  5 bats
  2 endoplasms
  2 giant cockroaches
  5 goblins
  6 hobgoblins
  3 quokkas
  11 kobolds
  6 rats
120 creatures vanquished.

Notes
Turn   | Place    | Note
-------+----------+-------------------------------------------
     0 | D:5      | Reached skill level 9 in Stealth
     0 | D:5      | croobank the Gnoll Delver began the quest for the Orb.
     0 | D:5      | Reached XP level 1. HP: 23/23 MP: 1/1
    44 | D:5      | Noticed a jelly
    99 | D:5      | Noticed a hound
   289 | D:4      | Reached XP level 2. HP: 25/29 MP: 2/2
   623 | D:1      | Found a faded altar of an unknown god.
   707 | D:1      | Reached XP level 3. HP: 35/35 MP: 3/3
  1224 | D:2      | Noticed Jessica
  1231 | D:2      | Killed Jessica
  1232 | D:2      | Reached skill level 1 in Short Blades
  1232 | D:2      | Reached skill level 1 in Long Blades
  1232 | D:2      | Reached skill level 1 in Maces & Flails
  1232 | D:2      | Reached skill level 1 in Polearms
  1232 | D:2      | Reached skill level 1 in Staves
  1232 | D:2      | Reached skill level 1 in Slings
  1232 | D:2      | Reached skill level 1 in Bows
  1232 | D:2      | Reached skill level 1 in Crossbows
  1232 | D:2      | Reached skill level 1 in Throwing
  1232 | D:2      | Reached skill level 1 in Armour
  1232 | D:2      | Reached skill level 1 in Shields
  1232 | D:2      | Reached skill level 1 in Unarmed Combat
  1232 | D:2      | Reached skill level 1 in Spellcasting
  1232 | D:2      | Reached skill level 1 in Invocations
  1232 | D:2      | Reached skill level 1 in Evocations
  1235 | D:2      | Reached XP level 4. HP: 41/41 MP: 3/5
  1392 | D:2      | Identified the +5 hand axe "Jacegej" {vorpal, rC+ Dex+3}
  1481 | D:2      | Noticed Sigmund
  1616 | D:3      | Noticed a water moccasin
  1622 | D:3      | Killed a water moccasin
  1623 | D:3      | Reached skill level 1 in Conjurations
  1623 | D:3      | Reached skill level 1 in Hexes
  1623 | D:3      | Reached skill level 1 in Summonings
  1623 | D:3      | Reached skill level 1 in Necromancy
  1623 | D:3      | Reached skill level 1 in Translocations
  1623 | D:3      | Reached skill level 1 in Transmutations
  1623 | D:3      | Reached skill level 1 in Fire Magic
  1623 | D:3      | Reached skill level 1 in Ice Magic
  1623 | D:3      | Reached skill level 1 in Air Magic
  1623 | D:3      | Reached skill level 1 in Earth Magic
  1623 | D:3      | Reached skill level 1 in Poison Magic
  1623 | D:3      | Reached XP level 5. HP: 47/47 MP: 5/7
  1976 | D:3      | Reached XP level 6. HP: 51/53 MP: 8/8
  2282 | D:4      | Reached skill level 5 in Axes
  2282 | D:4      | Reached skill level 5 in Dodging
  2457 | D:4      | Noticed Pargi
  2461 | D:4      | Killed Pargi
  2462 | D:4      | Reached XP level 7. HP: 60/60 MP: 10/10
  2525 | D:4      | Found Zin's Purification Station.
  2528 | D:4      | Found a glowing silver altar of Zin.
  2922 | D:5      | Reached skill level 10 in Stealth
  3069 | D:5      | Reached XP level 8. HP: 19/67 MP: 12/12
  3621 | D:6      | Learned a level 2 spell: Poisonous Vapours
  3785 | D:6      | Found a staircase to the Ecumenical Temple.
  3824 | Temple   | Entered the Ecumenical Temple
  4133 | Temple   | Became a worshipper of Gozag Ym Sagoz the Greedy
  4214 | D:6      | Found a runed translucent door.
  4217 | D:6      | Noticed cbfl8's ghost (weakling MiDe)
  4259 | D:6      | Killed cbfl8's ghost
  4266 | D:6      | Noticed Grinder
  4368 | D:6      | Found a sacrificial altar of Ru.
  4379 | D:6      | Noticed Menkaure
  4385 | D:6      | Noticed Dowan
  4385 | D:6      | Noticed Duvessa
  4429 | D:6      | Killed Dowan
  4453 | D:6      | Killed Duvessa
  4541 | D:6      | Killed Menkaure
  4744 | D:6      | Killed Grinder
  4745 | D:6      | Reached XP level 9. HP: 73/73 MP: 14/14
  4748 | D:6      | Learned a level 2 spell: Corpse Rot
  4896 | D:2      | Killed Sigmund
  5056 | D:5      | Identified the +5 trident "Oshietealy" {vorpal, rElec rC+
                  | Str+8 Dex+4}
  5313 | D:7      | Learned a level 3 spell: Tukima's Dance
  5357 | D:7      | Found a radiant altar of Vehumet.
  5360 | D:7      | Noticed a hornet
  5368 | D:7      | Killed a hornet
  5404 | D:7      | Found Quic's General Store.
  5411 | D:7      | Bought a +2 cloak for 214 gold pieces
  5411 | D:7      | Bought a scroll of magic mapping for 45 gold pieces
  5911 | D:7      | Noticed Joseph
  5914 | D:7      | Killed Joseph
  5915 | D:7      | Reached skill level 5 in Invocations
  5920 | D:7      | Identified the +8 chain mail of the Ecumenical Temple
                  | {Drain rF- Dex+10 Stlth+}
  6085 | D:8      | Identified the +2 hand axe "Enyha" {drain, rC+ Dex+4}
  6113 | D:8      | Found a transporter.
  6136 | D:8      | Found an ornate altar of the Wu Jian Council.
  6155 | D:8      | Noticed a cyclops
  6168 | D:8      | Killed a cyclops
  6169 | D:8      | Reached XP level 10. HP: 44/80 MP: 17/17
  6226 | D:8      | Reached skill level 5 in Short Blades
  6226 | D:8      | Reached skill level 5 in Long Blades
  6226 | D:8      | Reached skill level 5 in Maces & Flails
  6226 | D:8      | Reached skill level 5 in Polearms
  6226 | D:8      | Reached skill level 5 in Staves
  6226 | D:8      | Reached skill level 5 in Slings
  6226 | D:8      | Reached skill level 5 in Bows
  6226 | D:8      | Reached skill level 5 in Crossbows
  6226 | D:8      | Reached skill level 5 in Throwing
  6226 | D:8      | Reached skill level 5 in Armour
  6226 | D:8      | Reached skill level 5 in Shields
  6226 | D:8      | Reached skill level 5 in Unarmed Combat
  6226 | D:8      | Reached skill level 5 in Spellcasting
  6226 | D:8      | Reached skill level 5 in Evocations
  6592 | D:8      | Noticed a centaur warrior
  6598 | D:8      | Noticed klau3's ghost (novice MiBe)
  6600 | D:8      | Noticed a five-headed hydra
  6652 | D:8      | Found a runed translucent door.
  6652 | D:8      | Noticed a skeletal warrior
  6652 | D:8      | Noticed a skeletal warrior
  7045 | D:7      | Killed a skeletal warrior
  7174 | D:8      | Slain by a skeletal warrior

Illustrated notes

Levels and vault maps discovered:
D:1:      onia_arrival_pentagram, layout_basic, chequers_ecumenical_altar_simple
D:2:      layout_loops_ring, uniq_sigmund, uniq_jessica, uniq_crazy_yiuf_cottage
D:3:      layout_basic
D:4:      layout_loops_cross, zin_purify, uniq_pargi
D:5:      layout_loops_ring, lemuel_flame_loot_1
D:6:      layout_loops_ring, nicolae_overflow_crystal_walls, temple_fountains,
          hellmonk_ghost_happy_afterlife, kennysheep_generic_room_10,
          uniq_menkaure, uniq_grinder, uniq_duvessa
D:7:      layout_basic, vehumet_crystals, serial_shops, shop, uniq_joseph
D:8:      layout_gridville, dk_yredelemnul_ordeal, nzn_wu_jian_contemplation,
          gammafunk_ghost_arena, st_stairs_4, minmay_statues_item,
          minmay_misc_feat_five
Temple:   minmay_temple_forest_path

Skill      XL: |  1  2  3  4  5  6  7  8  9 10 |
---------------+-------------------------------+-----
Stealth        | 10 | 10.9
Short Blades   | 1 2 3 4 5 |  5.3
Long Blades    | 1 2 3 4 5 |  5.3
Maces & Flails | 1 2 3 4 5 |  5.3
Polearms       | 1 2 3 4 5 |  5.3
Staves         | 1 2 3 4 5 |  5.3
Slings         | 1 2 3 4 5 |  5.3
Bows           | 1 2 3 4 5 |  5.3
Crossbows      | 1 2 3 4 5 |  5.3
Throwing       | 1 2 3 4 5 |  5.3
Armour         | 1 2 3 4 5 |  5.3
Shields        | 1 2 3 4 5 |  5.3
Unarmed Combat | 1 2 3 4 5 |  5.3
Spellcasting   | 1 2 3 4 5 |  5.3
Invocations    | 1 2 3 4 5 |  5.8
Evocations     | 1 2 3 4 5 |  5.3
Conjurations   | 1 2 3 4 |  4.3
Hexes          | 1 2 3 4 |  4.3
Summonings     | 1 2 3 4 |  4.3
Necromancy     | 1 2 3 4 |  4.3
Translocations | 1 2 3 4 |  4.3
Transmutations | 1 2 3 4 |  4.3
Fire Magic     | 1 2 3 4 |  4.3
Ice Magic      | 1 2 3 4 |  4.3
Air Magic      | 1 2 3 4 |  4.3
Earth Magic    | 1 2 3 4 |  4.3
Poison Magic   | 1 2 3 4 |  4.3
Axes           | 5 6 7 |  7.1
Dodging        | 5 6 7 |  7.1
Fighting       | 7 8 |  8.5

Action                   |  1- 3 |  4- 6 |  7- 9 | 10-12 || total
-------------------------+-------+-------+-------+-------++-------
Melee: Hand axe          |    50 |     2 |    78 |       ||   130
       Bite              |     6 |     8 |    29 |    18 ||    61
       Dagger            |       |    93 |    97 |    48 ||   238
       Punch             |       |     1 |     4 |     4 ||     9
       Trident           |       |       |    41 |    66 ||   107
 Cast: Tukima's Dance    |       |       |       |     1 ||     1
Evoke: Wand              |       |     2 |     2 |    16 ||    20
  Use: Scroll            |     4 |     3 |     5 |     3 ||    15
       Potion            |       |       |     1 |     4 ||     5
 Stab: Sleeping          |    12 |    10 |    13 |     2 ||    37
       Distracted        |       |     3 |     1 |       ||     4
       Paralysed         |       |       |       |     3 ||     3
Armor: Leather armour    |     9 |    17 |    43 |     6 ||    75
       Plate armour      |       |       |       |     7 ||     7
Dodge: Dodged            |    28 |    36 |   116 |    44 ||   224
